 Dungeon Crawl Stone Soup version 0.26-a0-708-g17f3b190f9 (webtiles) character file.

Game seed: 15803117389082784556

486 mattiecakes the Ruffian (level 7, -4/59 HPs)
             Began as a Ghoul Monk on Oct 29, 2020.
             Was a Priest of Dithmenos.
             Slain by an orc
             ... wielding a +0 falchion
              (5 damage)
             ... on level 5 of the Dungeon.
             The game lasted 00:06:20 (5241 turns).

mattiecakes the Ruffian (Ghoul Monk)                Turns: 5241, Time: 00:06:20

Health: -4/59      AC:  4    Str: 11 (13) XL:     7   Next: 13%
Magic:  7/7        EV:  9    Int:  4 (5)  God:    Dithmenos [***...]
Gold:   231        SH:  0    Dex:  8 (11) Spells: 6/6 levels left

rFire    . . .     SeeInvis .     - Unarmed
rCold    + . .     Faith    .   (no shield)
rNeg     + + +     Spirit   .   j - +0 scale mail
rPois    ∞         Reflect  .   (no helmet)
rElec    .         Harm     .   (no cloak)
rCorr    .         Rampage  .   (no gloves)
MR       .....                  g - +1 pair of boots
Stlth    +.........             (no amulet)
HPRegen  0.00/turn              i - -4 ring of protection (curse)
MPRegen  0.10/turn              o - -4 ring of strength (curse)

@: brilliant, wreathed by umbra
A: rotting body, claws 1, cold resistance 1, negative energy resistance 3,
inhibited regeneration, torment resistance, unbreathing
a: Shadow Step, Renounce Religion


You were on level 5 of the Dungeon.
You worshipped Dithmenos.
Dithmenos was most pleased with you.
You visited 1 branch of the dungeon, and saw 5 of its levels.

You collected 231 gold pieces.

Inventory:

Armour
 g - a +1 pair of boots (worn)
 j - a +0 scale mail (worn)
Jewellery
 i - a cursed -4 ring of protection (left claw)
 o - a cursed -4 ring of strength (right claw)
Scrolls
 e - a scroll of fog
 f - 4 scrolls of identify
 m - 4 scrolls of teleportation
Potions
 a - a potion of curing
 b - a potion of lignification
 c - a potion of might {unknown}
 d - a potion of mutation {unknown}
 h - a potion of cancellation {unknown}
 k - a potion of magic {unknown}
 l - 2 potions of degeneration
 n - a potion of heal wounds {unknown}
 q - a potion of brilliance


   Skills:
 + Level 4.3 Fighting
 + Level 2.0 Armour
 + Level 3.4 Dodging
 + Level 3.6 Stealth
 + Level 6.0 Unarmed Combat
 + Level 2.3 Invocations


You had 6 spell levels left.
You didn't know any spells.
Your spell library contained the following spells:

 Spells                   Type           Power        Failure   Level
 Animate Skeleton         Necr           #.....       97%         1
 Apportation              Tloc           #.....       97%         1
 Corona                   Hex            #......      97%         1
 Summon Small Mammal      Summ           #...         97%         1


Dungeon Overview and Level Annotations

Branches:
Dungeon (5/15)
 Temple: D:4-7

Altars:
Cheibriados
Dithmenos
Okawaru
Xom
Yredelemnul
The Shining One

Annotations:
D:3 2 transporters
D:4 1 runed translucent door, tinescath's ghost, amateur DEFE


Innate Abilities, Weirdness & Mutations

Your body is rotting away.
You thrive by killing the living.
You are immune to poison.
You have sharp fingernails.
Your flesh is cold resistant. (rC+)
You are immune to negative energy. (rN+++)
You do not regenerate when monsters are visible.
You are immune to unholy pain and torment.
You can survive without breathing.


Message History

The orc hits you but does no damage.
The orc priest calls down the wrath of Beogh upon you.
Beogh smites you!
* * * LOW HITPOINT WARNING * * *
Unknown command.
Unknown command.
Unknown command.
Okay, then.
Unknown command.
It was a potion of degeneration.
There was something very wrong with that liquid.
You feel weakened.
You feel dopey.
You feel clumsy. The orc hits you but does no damage.
The orc priest hits you with a +2 whip of electrocution.
* * * LOW HITPOINT WARNING * * *
The orc barely misses you.
It was a potion of brilliance.
You feel clever all of a sudden. The orc hits you with a +0 falchion.
You die...

## ### . (<# #.#.#
#.#.###.# #.ooo...#
####@### #...o§.#
#.##.#.# #.##...#
##+## #.###..#
##...## #.# #..#
#.....## #.###..#
.......## ##......#
........####...##.##


You could see an orc priest, an orc wizard (fast) and 2 orcs.

Vanquished Creatures
  A centaur (D:5)
  A howler monkey (D:4)
  A centaur zombie (D:5)
  A hound (D:5)
  A bullfrog skeleton (D:4)
  An iguana (D:5)
  An orc wizard (D:5)
  2 worker ants (D:4)
  A howler monkey skeleton (D:4)
  5 adders
  4 gnolls (D:3)
  An ooze (D:1)
  2 worms
  3 dart slugs
  7 leopard geckos
  8 orcs
  A ball python (D:3)
  2 bats
  3 giant cockroaches
  2 goblins
  4 hobgoblins
  4 kobolds
  2 quokkas (D:2)
  5 frilled lizards
  2 jackal skeletons (D:4)
  7 rats
72 creatures vanquished.

Vanquished Creatures (others)
  A scorpion (D:4)
  A worker ant (D:4)
2 creatures vanquished.

Grand Total: 74 creatures vanquished

Notes
Turn   | Place    | Note
-------+----------+-------------------------------------------
     0 | D:1      | mattiecakes the Ghoul Monk began the quest for the Orb.
     0 | D:1      | Reached XP level 1. HP: 19/19 MP: 0/0
   287 | D:1      | Reached XP level 2. HP: 26/26 MP: 1/1
   306 | D:1      | Reached skill level 4 in Unarmed Combat
   841 | D:1      | Reached XP level 3. HP: 31/31 MP: 2/2
  1416 | D:2      | Reached skill level 5 in Unarmed Combat
  1445 | D:2      | Reached XP level 4. HP: 35/38 MP: 3/3
  1464 | D:2      | Found an iron altar of Okawaru.
  1707 | D:2      | Found a faded altar of an unknown god.
  1761 | D:2      | Found a glowing golden altar of the Shining One.
  1916 | D:2      | Became a worshipper of Dithmenos the Shadowed
  1916 | D:2      | Reached * piety under Dithmenos
  1916 | D:2      | Reached ** piety under Dithmenos
  2081 | D:3      | Found a snail-covered altar of Cheibriados.
  2085 | D:3      | Found a transporter.
  2102 | D:3      | Found a transporter.
  2199 | D:3      | Reached *** piety under Dithmenos
  2558 | D:3      | Reached XP level 5. HP: 30/45 MP: 4/4
  3189 | D:4      | Reached skill level 1 in Armour
  3189 | D:4      | Reached skill level 1 in Invocations
  3310 | D:4      | Found a basalt altar of Yredelemnul.
  3820 | D:4      | Found a runed translucent door.
  3821 | D:4      | Noticed tinescath's ghost (amateur DEFE)
  3860 | D:4      | Found a shimmering altar of Xom.
  3868 | D:4      | Reached XP level 6. HP: 43/52 MP: 4/6
  4409 | D:5      | Entered Level 5 of the Dungeon
  4927 | D:5      | Reached skill level 6 in Unarmed Combat
  4927 | D:5      | Reached XP level 7. HP: 24/59 MP: 7/7
  5240 | D:5      | HP: 1/59 [orc priest/+2 whip of electrocution (2)]
  5241 | D:5      | Slain by an orc

Illustrated notes

Levels and vault maps discovered:
D:1:      minmay_arrival_radiant_lines, layout_basic, minmay_shallow_snake_nest
D:2:      layout_loops_cross, overflow_temple_1_default, marbit_many_paths,
          chequers_ecumenical_altar_simple
D:3:      layout_basic, gammafunk_temple_overflow_arena
D:4:      layout_layer_cave, lemuel_round_altar, ebering_ghost_reflecting_pool,
          minivault_14, xom_confusion_cloud
D:5:      layout_loops_corners, grunt_temple_overflow_order_and_chaos_1,
          minmay_temple_entry_glassed_door, gammafunk_ghost_smash, serial_shops,
          kennysheep_mini

Skill      XL: |  1  2  3  4  5  6  7 |
---------------+----------------------+-----
Unarmed Combat | 4 5 6 |  6.0
Armour         | 1 2 |  2.0
Invocations    | 1 2 |  2.3
Dodging        | 3 |  3.4
Stealth        | 3 |  3.6
Fighting       | 4 |  4.3

Action                   |  1- 3 |  4- 6 |  7- 9 || total
-------------------------+-------+-------+-------++-------
Melee: Unarmed           |    95 |   171 |    17 ||   283
       Punch             |       |     2 |       ||     2
  Use: Scroll            |     6 |     5 |       ||    11
       Potion            |       |     1 |     3 ||     4
 Stab: Sleeping          |     2 |       |       ||     2
Armor: Robe              |     8 |       |       ||     8
       Scale mail        |    18 |    44 |     8 ||    70
Dodge: Dodged            |    62 |    94 |    22 ||   178

Table legend: (Time is in decaauts)
 A = Elapsed time spent in this place.
 B = Non-inter-level travel time spent in this place.
 C = Inter-level travel time spent in this place.
 D = Time resting spent in this place.
 E = Time spent auto-exploring this place.
 F = Levels seen in this place.
 G = Mean time per level.
                   A        B        C        D        E       F      G
               +--------+--------+--------+--------+--------+-----+--------+
         Total |   5212 |   4995 |    217 |   1210 |   3174 |   5 | 1042.4 |
       Dungeon |   5212 |   4995 |    217 |   1210 |   3174 |   5 | 1042.4 |
               +--------+--------+--------+--------+--------+-----+--------+

Top non-repeatable levels by time:
     D:4: 1438 daAuts
     D:1: 1203 daAuts
     D:3: 1018 daAuts
     D:5: 823 daAuts
     D:2: 728 daAuts
